 Dungeon Crawl Stone Soup version 0.29.0-4-gdea44cf6ec (webtiles) character file.

Game seed: 18114974145345532034

69 qw the Chopper (level 4, -7/26 HPs)
             Began as a Tengu Warper on Aug 28, 2022.
             Mangled by an ogre
             ... wielding a +0 giant spiked club
              (15 damage)
             ... on level 4 of the Dungeon.
             The game lasted 00:00:13 (2673 turns).

qw the Chopper (Tengu Warper)                       Turns: 2673, Time: 00:00:14

Health: -7/26      AC:  5    Str: 13    XL:     4   Next: 20%
Magic:  8/8        EV: 11    Int: 13    God:
Gold:   176        SH:  0    Dex: 14    Spells: 7/7 levels left

rFire   . . .      SeeInvis +   Y - +0 hand axe
rCold   . . .      Faith    .   (no shield)
rNeg    . . .      Spirit   .   f - +0 ring mail
rPois   .          Reflect  .   (helmet restricted)
rElec   .          Harm     .   (no cloak)
rCorr   .          Rampage  .   (no gloves)
Will    .....                   (boots unavailable)
Stlth   +.........              (no amulet)
HPRegen 0.08/turn               i - ring of see invisible
MPRegen 0.11/turn               (no ring)

@: no status effects
A: beak, talons 3
a: no special abilities


You were on level 4 of the Dungeon.
You visited 1 branch of the dungeon, and saw 4 of its levels.

You collected 176 gold pieces.


Innate Abilities, Weirdness & Mutations

You have a beak for a mouth.
You have claws for feet.


   Skills:
 - Level 2.0 Fighting
 + Level 4.8 Axes
 - Level 1.0 Throwing
 - Level 1.1 Armour
 - Level 2.1 Dodging
 - Level 2.0 Spellcasting
 - Level 2.4 Translocations


You had 7 spell levels left.
You didn't know any spells.
Your spell library contained the following spells:

 Spells                   Type           Power      Damage    Failure   Level
 Blink                    Tloc           14%        N/A       30%         2
 Gell's Gravitas          Tloc           7%         N/A       52%         3
 Lesser Beckoning         Tloc           7%         N/A       52%         3
 Teleport Other           Tloc           7%         N/A       52%         3
 Manifold Assault         Tloc           7%         N/A       99%         5

Inventory:

Hand Weapons
 d - a +0 whip
 Y - a +0 hand axe (weapon)
Missiles
 h - 4 boomerangs (quivered)
Armour
 f - a +0 ring mail (worn)
Jewellery
 i - a ring of see invisible (left hand)
Scrolls
 c - a scroll of enchant armour
 j - a scroll of identify
 k - a scroll of acquirement {unknown}
Potions
 a - a potion of cancellation {unknown}
 b - a potion of curing {unknown}
 e - a potion of resistance {unknown}
 g - a potion of lignification {unknown}

Dungeon Overview and Level Annotations

Branches:
Dungeon (4/15)
 Temple: D:4-7

Altars:
Gozag
Nemelex Xobeh
Zin

Shops:
D:3 (


Message History

You throw a boomerang.
The boomerang closely misses the quokka.
A goblin comes into view. It is wielding a +0 club.
The quokka completely misses you.
You hit the quokka. Your kick misses the quokka.
The quokka is almost dead.
The quokka bites you but does no damage.
The quokka bites you.
You hit the quokka.
You kill the quokka!
The goblin unwields a +0 club.
The goblin wields a +0 sling.
The goblin shoots a sling bullet.
The sling bullet closely misses you.
You hear a shout!
The goblin unwields a +0 sling.
The goblin wields a +0 club.
The goblin barely misses you.
You slash the goblin!
You kill the goblin!
You start resting.
HP restored.
Found a stone staircase leading up and a stone staircase leading down.
Found a ring mail.
An ogre comes into view. It is wielding a +0 giant spiked club.
The ogre shouts!
Throw: 4 boomerangs
Press: ? - help, Q - select action Shift-Dir - straight line, f - ogre You throw a boomerang.
The boomerang hits the ogre.
The ogre is lightly wounded.
You hit the ogre. Your kick misses the ogre.
The ogre is lightly wounded.
The ogre hits you with a +0 giant spiked club!
You hit the ogre.
The ogre is lightly wounded.
You slash the ogre!
The ogre is moderately wounded.
The ogre hits you with a +0 giant spiked club!
You hit the ogre but do no damage. You claw the ogre. You peck the ogre.
The ogre is severely wounded.
The ogre hits you with a +0 giant spiked club!
Ouch! That really hurt!
You die...

#. #.########.
.......[. ####......#
###.).......#
########...##....>.#
............#...<..#
#.......###....O#####
#.#######
#####.@...#### ./#
#####....# ### ######


You could see an ogre.

Vanquished Creatures
  An adder (D:2)
  2 worms
  2 dart slugs
  5 ball pythons
  3 bats
  5 endoplasms
  6 giant cockroaches
  3 goblins
  A hobgoblin (D:2)
  3 quokkas
  4 frilled lizards
  4 kobolds
  9 rats
48 creatures vanquished.

Notes
Turn   | Place    | Note
-------+----------+-------------------------------------------
     0 | D:1      | qw the Tengu Warper began the quest for the Orb.
     0 | D:1      | Reached XP level 1. HP: 12/12 MP: 4/4
     0 | D:1      | 0 ||| qw: Version: 0.1-a-89-g26bdef1
     0 | D:1      | 0 ||| qw: Game counter: 1814
     0 | D:1      | 0 ||| qw: Always use a shield: true
     0 | D:1      | 0 ||| qw: God list: Okawaru
     0 | D:1      | 0 ||| qw: Allow faded altars: false
     0 | D:1      | 0 ||| qw: Do Orc after D:15 true
     0 | D:1      | 0 ||| qw: Do second Lair branch before Depths: true
     0 | D:1      | 0 ||| qw: Lair rune preference: random
     0 | D:1      | 0 ||| qw: Plans: Normal
     0 | D:1      | 0 ||| PLANNING D:1-11
   189 | D:1      | Reached skill level 3 in Axes
   189 | D:1      | Reached XP level 2. HP: 17/17 MP: 6/6
   261 | D:1      | Found a faded altar of an unknown god.
   281 | D:1      | 281 ||| Stepping ~*~*~tactically~*~*~ (hiding).
   501 | D:1      | 501 ||| DROPPING +0 club.
   696 | D:1      | Reached XP level 3. HP: 20/21 MP: 7/7
   731 | D:1      | 731 ||| Stepping ~*~*~tactically~*~*~ (water).
  1010 | D:1      | 1010 ||| DROPPING orb of mayhem.
  1011 | D:1      | 1011 ||| READING scroll labelled PAKKUO WIDGHUTI.
  1012 | D:1      | 1012 ||| READING scroll labelled WOOXTYILYLL.
  1013 | D:1      | 1013 ||| DROPPING scroll of blinking.
  1039 | D:2      | 1039 ||| STAIRDANCE
  1174 | D:2      | Reached skill level 4 in Axes
  1584 | D:2      | Found a glowing silver altar of Zin.
  1721 | D:2      | 1721 ||| UPGRADING to +0 ring mail.
  1731 | D:2      | 1731 ||| DROPPING +0 leather armour.
  1732 | D:2      | 1732 ||| READING scroll labelled QIACUD SEFFOO.
  1733 | D:2      | 1733 ||| READING scroll labelled UGAHUTWABUIKH.
  1776 | D:3      | Reached XP level 4. HP: 26/26 MP: 8/8
  1805 | D:3      | 1805 ||| Stepping ~*~*~tactically~*~*~ (stealth).
  1807 | D:3      | 1807 ||| Stepping ~*~*~tactically~*~*~ (hiding).
  1809 | D:3      | 1809 ||| Stepping ~*~*~tactically~*~*~ (hiding).
  2199 | D:3      | Found Guproupa's Weapon Shop.
  2235 | D:3      | Found a sparkling altar of Nemelex Xobeh.
  2235 | D:3      | Found an opulent altar of Gozag.
  2440 | D:3      | 2440 ||| UPGRADING to ring of see invisible.
  2486 | D:4      | 2486 ||| STAIRDANCE
  2667 | D:4      | Noticed an ogre
  2673 | D:4      | Mangled by an ogre

Levels and vault maps discovered:
D:1:      psy_arrival_spokes, layout_loops_cross,
          shapermc_ecumenical_altar_petra, serial_bayou_pond_a,
          serial_bayou_pond_e
D:2:      layout_rooms, basic_altar
D:3:      layout_loops_ring, grunt_temple_overflow_opulence, serial_shops,
          nicolae_shop_crystal
D:4:      layout_rooms, fedhas_altar_1, serial_bayou_ford_a,
          kennysheep_big_empty_room, corexii_checkpoint_b,
          grunt_decor_one_mirror, grunt_decor_fettered, abandoned_shop

Skill      XL: |  1  2  3 |
---------------+----------+-----
Axes           | 3 4 |  4.8
Fighting       | |  2.0
Throwing       | |  1.0
Armour         | |  1.1
Dodging        | |  2.1
Spellcasting   | |  2.0
Translocations | |  2.4

Action                   |  1- 3 |  4- 6 || total
-------------------------+-------+-------++-------
Melee: Hand axe          |    91 |    23 ||   114
       Kick              |    17 |     8 ||    25
       Peck              |     8 |     2 ||    10
       Punch             |     1 |       ||     1
Throw: Boomerang         |     7 |     7 ||    14
  Use: Scroll            |     4 |       ||     4
Armor: Leather armour    |    26 |       ||    26
       Ring mail         |     3 |     3 ||     6
Dodge: Dodged            |    46 |     8 ||    54

Table legend:
 A = Non-vault XP
 B = Vault XP
 C = Vault XP percentage of total XP
 D = Non-vault monster count
 E = Vault monster count
 F = Vault count percentage of total count
                 A         B        C        D         E       F
            +---------+---------+-------+---------+---------+-------
      Total |      99 |       0 |   0.0 |      48 |       0 |   0.0
            +---------+---------+-------+---------+---------+-------
        D:1 |      40 |       0 |   0.0 |      24 |       0 |   0.0
        D:2 |      38 |       0 |   0.0 |      15 |       0 |   0.0
        D:3 |      10 |       0 |   0.0 |       5 |       0 |   0.0
        D:4 |      11 |       0 |   0.0 |       4 |       0 |   0.0
            +---------+---------+-------+---------+---------+-------
